 Dungeon Crawl Stone Soup version 0.22.1 (webtiles) character file.

3477 Anaphory the Spear-Bearer (level 9, -6/82 HPs)
             Began as a Minotaur Berserker on Sept 18, 2018.
             Was a High Priest of Trog.
             Mangled by an orc knight
             ... wielding a +0 trident
              (9 damage)
             ... in a bailey on Sept 19, 2018.
             The game lasted 01:21:22 (5695 turns).

Anaphory the Spear-Bearer (Minotaur Berserker)      Turns: 5695, Time: 01:21:23

Health: -6/82      AC: 12    Str: 25    XL:     9   Next: 79%
Magic:  0/8        EV: 10    Int:  4    God:    Trog [*****.]
Gold:   488        SH:  0    Dex: 13    Spells: 8/8 levels left

rFire    + . .     SeeInvis .   z - +2 trident (flame)
rCold    x . .     Gourm    .   (no shield)
rNeg     . . .     Faith    .   i - +0 chain mail
rPois    .         Spirit   +   B - +0 hat
rElec    .         Reflect  .   f - +0 cloak
rCorr    .         Harm     .   (no gloves)
MR       .....                  (no boots)
Stlth    ..........             o - amulet of guardian spirit
HPRegen  0.23/turn              k - ring of fire
MPRegen  0.11/turn              p - +3 ring of strength

@: berserk cooldown, slowed, very slow
A: retaliatory headbutt, horns 2
a: Berserk, Trog's Hand, Brothers in Arms, Renounce Religion


You were in a bailey.
You worshipped Trog.
Trog was extremely pleased with you.
You were very hungry.

You visited 1 branch of the dungeon, and saw 7 of its levels.
You also visited: Sewer and Bailey.

You collected 488 gold pieces.

Inventory:

Hand Weapons
 v - a +2 whip of flaming
 x - a +0 halberd
 z - a +2 trident of flaming (weapon)
Missiles
 w - 7 tomahawks (quivered)
Armour
 f - a +0 cloak (worn)
 i - a +0 chain mail (worn)
 B - a +0 hat (worn)
Jewellery
 d - an uncursed amulet of rage
 k - a ring of fire (left hand)
 o - an amulet of guardian spirit (around neck)
 p - a +3 ring of strength (right hand)
Wands
 a - a wand of iceblast (14)
 y - a wand of disintegration (6)
Scrolls
 b - 2 scrolls of enchant weapon {unknown}
 e - 3 scrolls of remove curse
 g - 6 scrolls of teleportation
 h - 2 scrolls of immolation {unknown}
 j - a scroll of fear {unknown}
 l - 2 scrolls of enchant armour {unknown}
 n - a scroll of identify
 r - a scroll of magic mapping
 C - a scroll of amnesia {unknown}
Potions
 m - a potion of magic
 q - 5 potions of curing
 s - a potion of heal wounds
 t - 4 potions of mutation
 u - a potion of flight {unknown}
 D - 5 potions of might
 E - a potion of berserk rage {unknown}
 F - a potion of experience {unknown}
Comestibles
 c - 13 rations


   Skills:
 + Level 8.5 Fighting
 + Level 12.0 Polearms
 + Level 3.8 Throwing
 + Level 7.5 Armour
 - Level 3.1 Dodging
 - Level 0.5 Stealth


You had 8 spell levels left.
You didn't know any spells.
Your spell library was empty.

Dungeon Overview and Level Annotations

Branches:
Dungeon (7/15)             Temple (0/1) D:4

Altars:
Ashenzari
Elyvilon
Okawaru
Wu Jian

Annotations:
D:7 3 runed doors, philipeq's ghost, novice OgSk


Innate Abilities, Weirdness & Mutations

You reflexively headbutt those who attack you in melee.
You have a pair of horns on your head.


Message History

The orc knight no longer looks unusually strong.
The orc knight roars a battlecry!
The orc knight goes into a battle-frenzy!
The orc knight barely misses you.
The orc warrior hits you from afar with a trident!!
The orc knight no longer looks unusually strong.
Things that are here:
a trident; an orc corpse The orc warrior no longer looks unusually strong.
The orc knight roars a battlecry!
The orcs go into a battle-frenzy!
The orc warrior hits you from afar with a trident!
The orc knight hits you from afar with a trident.
* * * LOW HITPOINT WARNING * * *
You see here a halberd.
The orc knight hits you from afar with a halberd!!
* * * LOW HITPOINT WARNING * * *
The orc warrior closely misses you.
The orc knight hits you from afar with a trident!
You die...

### ####### ##########
..#########.....## ##........∩
...#.....#....)..######.........)
...'.....'....o.)#....#.......)))
...'.....'...oo)@)(...'.......)))
...'.....'....o.)#)...#.....).).)
...#.....#.......######..........
..#########.....## ##........∩
### ####### ##########


You could see 2 orc knights and 2 orc warriors.

Vanquished Creatures
  Pikel (D:5)
  Grinder (D:6)
  Menkaure (D:6)
  2 ice beasts (D:5)
  2 phantoms
  4 orc warriors (Bailey)
  A sky beast (D:5)
  2 necrophages
  5 ogres
  2 centaurs
  A bullfrog (D:5)
  3 wights (D:7)
  A howler monkey (D:4)
  A crimson imp (D:5)
  A bullfrog zombie (D:5)
  A gnoll shaman (D:4)
  3 orc priests
  Terence (D:3)
  3 orc wizards
  6 worker ants
  15 adders
  6 gnolls
  6 river rats
  2 shadow imps
  An adder skeleton (D:4)
  2 worms
  A dart slug (D:3)
  5 leopard geckos
  44 orcs
  6 giant cockroaches
  15 goblins
  5 hobgoblins
  14 jackals
  8 kobolds
  3 quokkas
  3 ball pythons
  2 bats (D:3)
  15 frilled lizards
  A jackal skeleton (D:6)
  A leopard gecko zombie (D:7)
  A quokka skeleton (D:4)
  11 rats
209 creatures vanquished.

Notes
Turn   | Place    | Note
-------+----------+-------------------------------------------
     0 | D:1      | Anaphory the Minotaur Berserker began the quest for the
                  | Orb.
     0 | D:1      | Reached XP level 1. HP: 19/19 MP: 0/0
   122 | D:1      | Reached XP level 2. HP: 22/27 MP: 1/1
   172 | D:1      | Reached skill level 4 in Polearms
   579 | D:2      | Reached XP level 3. HP: 29/34 MP: 2/2
   999 | D:2      | Found an iron altar of Okawaru.
  1002 | D:2      | Reached ** piety under Trog
  1010 | D:2      | Reached XP level 4. HP: 33/41 MP: 3/3
  1142 | D:3      | Reached skill level 5 in Polearms
  1155 | D:3      | Reached skill level 5 in Fighting
  1157 | D:3      | HP: 2/42 [poisoned by an adder]
  1208 | D:3      | Found a shattered altar of Ashenzari.
  1395 | D:3      | Reached XP level 5. HP: 40/48 MP: 4/4
  1529 | D:3      | Found a glowing drain.
  1533 | Sewer    | Entered a sewer
  1616 | Sewer    | Reached skill level 6 in Polearms
  1695 | Sewer    | Reached *** piety under Trog
  2041 | D:3      | Noticed Terence
  2054 | D:3      | Killed Terence
  2054 | D:3      | Reached XP level 6. HP: 51/56 MP: 5/5
  2816 | D:4      | Found a staircase to the Ecumenical Temple.
  2908 | D:4      | Reached skill level 7 in Polearms
  2930 | D:4      | Found a white marble altar of Elyvilon.
  2998 | D:4      | Reached XP level 7. HP: 58/63 MP: 3/6
  3194 | D:4      | Reached skill level 1 in Throwing
  3253 | D:4      | Reached skill level 8 in Polearms
  3308 | D:5      | Entered Level 5 of the Dungeon
  3421 | D:5      | Reached **** piety under Trog
  3468 | D:5      | Found an iron altar of Okawaru.
  3519 | D:5      | Reached XP level 8. HP: 24/71 MP: 4/7
  3787 | D:5      | Reached skill level 9 in Polearms
  3896 | D:5      | Reached skill level 10 in Polearms
  3896 | D:5      | Reached skill level 5 in Armour
  4127 | D:5      | Found an ornate altar of the Wu Jian Council.
  4196 | D:5      | Noticed Pikel
  4207 | D:5      | Killed Pikel
  4207 | D:5      | Reached skill level 11 in Polearms
  4207 | D:5      | Reached XP level 9. HP: 48/79 MP: 5/8
  4517 | D:6      | Noticed Menkaure
  4546 | D:6      | Killed Menkaure
  4751 | D:6      | Noticed Grinder
  4753 | D:6      | Paralysed by Grinder for 7 turns
  4766 | D:6      | Killed Grinder
  4994 | D:7      | Found a flagged portal.
  5115 | D:7      | Found a runed gate.
  5115 | D:7      | Found a runed gate.
  5116 | D:7      | Found a runed gate.
  5118 | D:7      | Noticed philipeq's ghost (novice OgSk)
  5239 | Bailey   | Entered a bailey
  5595 | Bailey   | Noticed an orc knight
  5619 | Bailey   | Reached ***** piety under Trog
  5619 | Bailey   | Reached skill level 12 in Polearms
  5635 | Bailey   | Received a gift from Trog
  5670 | Bailey   | Noticed an orc knight
  5675 | Bailey   | Noticed an orc knight
  5695 | Bailey   | HP: 3/82 [orc knight/halberd (22)]
  5695 | Bailey   | Mangled by an orc knight

Skill      XL: |  1  2  3  4  5  6  7  8  9 |
---------------+----------------------------+-----
Fighting       | 4 5 6 7 8 |  8.5
Polearms       | 4 5 6 7 8 11 12 | 12.0
Armour         | 3 4 5 7 |  7.5
Dodging        | 3 |  3.1
Throwing       | 1 2 3 |  3.8
Stealth        | |  0.5

Action                   |  1- 3 |  4- 6 |  7- 9 || total
-------------------------+-------+-------+-------++-------
Melee: Spear             |   100 |   200 |       ||   300
       Headbutt          |    10 |    22 |    28 ||    60
       Trident           |       |    40 |   220 ||   260
       Halberd           |       |       |    26 ||    26
Throw: Stone             |     1 |       |       ||     1
       Tomahawk          |       |     9 |    30 ||    39
       Throwing net      |       |     1 |       ||     1
Invok: Trog's Hand       |       |     1 |     1 ||     2
       Berserk           |       |     1 |     3 ||     4
Evoke: Wand              |       |       |     3 ||     3
  Use: Potion            |       |     4 |     3 ||     7
       Scroll            |       |     1 |     8 ||     9
  Eat: Chunk             |       |     5 |     7 ||    12
       Ration            |       |     1 |     1 ||     2
Armor: Animal skin       |     7 |    10 |       ||    17
       Chain mail        |       |    28 |    72 ||   100
Dodge: Dodged            |    49 |   110 |    90 ||   249
